3145 views
Uploaded 2020-01-04 15:25:41
Game version 1.32.0.4
28:27 long 3on3 ladder game on (6)RollingHills
Saved by ChuckleMan
3145 views
Uploaded 2020-01-04 15:25:41
Game version 1.32.0.4
28:27 long 3on3 ladder game on (6)RollingHills


121 units @ 17.4k
/ 2.2k
82 buildings @ 8.8k
/ 3.5k


| Scroll of Regeneration | 2 | 200 |
| Potion of Healing | 1 | 150 |
| total: | 3 | 350g |
| Peasant | 9 | 675 | / | 0 |
| Footman | 11 | 1485 | / | 0 |
| Priest | 7 | 945 | / | 70 |
| Rifleman | 2 | 410 | / | 60 |
| Mortar Team | 2 | 360 | / | 140 |
| Knight | 6 | 1470 | / | 360 |
| total: | 37 | 5345g | / | 630w |
| Scout Tower | 9 | 270 | / | 180 |
| Arcane Tower | 1 | 70 | / | 50 |
| Altar of Kings | 1 | 180 | / | 50 |
| Barracks | 3 | 480 | / | 180 |
| Farm | 15 | 1200 | / | 300 |
| Lumber Mill | 1 | 120 | / | 0 |
| Blacksmith | 1 | 140 | / | 60 |
| Arcane Vault | 1 | 130 | / | 30 |
| Town Hall | 1 | 385 | / | 205 |
| Arcane Sanctum | 1 | 150 | / | 140 |
| Workshop | 2 | 280 | / | 280 |
| Keep | 2 | 640 | / | 420 |
| Castle | 1 | 360 | / | 210 |
| total: | 35 | 3335g | / | 1425w |
| 0:03 | Peasant |
| 0:03 | Peasant |
| 0:07 | Altar of Kings |
| 0:11 | Barracks |
| 0:20 | Barracks |
| 0:26 | Farm |
| 0:38 | Peasant |
| 0:52 | Farm |
| 0:57 | Peasant |
| 1:17 | Peasant |
| 1:25 | Peasant |
| 1:32 | Farm |
| 1:34 | Footman |
| 1:40 | Footman |
| 1:50 | Scout Tower |
| 1:57 | Scout Tower |
| 2:01 | Farm |
| 2:05 | Footman |
| 2:12 | Summon Water Elemental |
| 2:20 | Footman |
| 2:59 | Footman |
| 3:02 | Arcane Tower |
| 3:06 | Farm |
| 3:09 | Footman |
| 3:30 | Keep |
| 4:08 | Lumber Mill |
| 4:12 | Blacksmith |
| 4:20 | Arcane Vault |
| 4:41 | Footman |
| 4:41 | Footman |
| 4:52 | Farm |
| 4:53 | Farm |
| 4:54 | Farm |
| 5:17 | Barracks |
| 5:25 | Brilliance Aura |
| 7:00 | Arcane Sanctum |
| 7:05 | Peasant |
| 7:05 | Peasant |
| 7:05 | Peasant |
| 7:29 | Footman |
| 7:29 | Footman |
| 7:32 | Iron Plating |
| 7:33 | Improved Lumber Harvesting |
| 7:41 | Farm |
| 7:41 | Farm |
| 7:50 | Priest |
| 7:50 | Priest |
| 7:59 | Divine Shield |
| 8:49 | Footman |
| 9:14 | Summon Water Elemental |
| 9:56 | Castle |
| 9:58 | Rifleman |
| 9:59 | Rifleman |
| 10:21 | Workshop |
| 10:27 | Priest |
| 10:37 | Priest |
| 11:02 | Priest |
| 11:14 | Mortar Team |
| 11:34 | Farm |
| 11:36 | Farm |
| 11:37 | Farm |
| 11:38 | Farm |
| 12:16 | Mortar Team |
| 12:32 | Advanced Lumber Harvesting |
| 13:42 | Scout Tower |
| 13:43 | Scout Tower |
| 13:44 | Scout Tower |
| 13:44 | Scout Tower |
| 14:35 | Town Hall |
| 14:41 | Scout Tower |
| 14:43 | Scout Tower |
| 14:44 | Scout Tower |
| 15:53 | Scroll of Regeneration |
| 15:54 | Scroll of Regeneration |
| 16:22 | Knight |
| 16:22 | Knight |
| 16:30 | Priest |
| 16:30 | Priest |
| 17:04 | Farm |
| 17:12 | Workshop |
| 17:49 | Knight |
| 19:10 | Priest Adept Training |
| 19:15 | Holy Light |
| 19:18 | Knight |
| 19:58 | Knight |
| 21:39 | Brilliance Aura |
| 22:04 | Potion of Healing |
| 22:17 | Knight |
| Right click | 726 |
| Select | 359 |
| Select group | 132 |
| Build/train/purchase | 103 |
| Misc. action | 101 |
| Assign group | 19 |
| Use ability | 11 |
| Remove unit | 4 |
| Minimap ping | 4 |
| Resource trade | 4 |
| Esc | 1 |

| Scroll of Regeneration | 1 | 100 |
| total: | 1 | 100g |
| Peon | 7 | 525 | / | 0 |
| Grunt | 1 | 200 | / | 0 |
| Troll Headhunter | 17 | 2380 | / | 340 |
| Tauren | 4 | 1120 | / | 320 |
| Troll Berserker | 14 | 1960 | / | 280 |
| Demolisher | 2 | 440 | / | 100 |
| Spirit Walker | 2 | 390 | / | 70 |
| total: | 47 | 7015g | / | 1110w |
| Altar of Storms | 1 | 180 | / | 50 |
| Orc Burrow | 9 | 1440 | / | 360 |
| Barracks | 2 | 360 | / | 100 |
| War Mill | 1 | 205 | / | 0 |
| Tauren Totem | 1 | 135 | / | 155 |
| Stronghold | 1 | 315 | / | 190 |
| Fortress | 1 | 325 | / | 190 |
| total: | 14 | 2320g | / | 665w |
| 0:05 | Peon |
| 0:05 | Peon |
| 0:05 | Peon |
| 0:15 | Altar of Storms |
| 0:27 | Orc Burrow |
| 0:42 | Barracks |
| 1:03 | Peon |
| 1:37 | War Mill |
| 1:45 | Peon |
| 1:47 | Grunt |
| 2:11 | Peon |
| 2:11 | Peon |
| 2:20 | Orc Burrow |
| 2:40 | Feral Spirit |
| 3:14 | Troll Headhunter |
| 3:15 | Troll Headhunter |
| 3:16 | Troll Headhunter |
| 3:17 | Troll Headhunter |
| 3:18 | Troll Headhunter |
| 3:24 | Orc Burrow |
| 3:41 | Steel Ranged Weapons |
| 3:44 | Troll Headhunter |
| 4:38 | Orc Burrow |
| 4:41 | Stronghold |
| 4:44 | Troll Headhunter |
| 4:53 | Steel Melee Weapons |
| 5:14 | Troll Headhunter |
| 6:15 | Troll Headhunter |
| 6:16 | Troll Headhunter |
| 6:19 | Orc Burrow |
| 6:37 | Troll Headhunter |
| 6:48 | Troll Headhunter |
| 7:11 | Fortress |
| 7:20 | Troll Regeneration |
| 7:36 | Tauren Totem |
| 7:47 | Troll Headhunter |
| 8:01 | Troll Headhunter |
| 8:37 | Troll Headhunter |
| 8:38 | Troll Headhunter |
| 9:13 | Chain Lighting |
| 10:03 | Scroll of Regeneration |
| 10:16 | Berserker Upgrade |
| 10:19 | Tauren |
| 10:19 | Tauren |
| 10:21 | Tauren |
| 10:24 | Troll Headhunter |
| 10:59 | Thorium Ranged Weapons |
| 11:01 | Troll Berserker |
| 11:11 | Orc Burrow |
| 12:09 | Demolisher |
| 12:18 | Demolisher |
| 12:48 | Orc Burrow |
| 12:54 | Burning Oil |
| 13:19 | Spirit Walker |
| 13:41 | Spirit Walker |
| 14:08 | Barracks |
| 14:25 | Troll Berserker |
| 16:31 | Orc Burrow |
| 16:32 | Troll Berserker |
| 16:33 | Troll Berserker |
| 16:34 | Troll Berserker |
| 16:35 | Troll Berserker |
| 17:33 | Orc Burrow |
| 17:35 | Tauren |
| 17:37 | Troll Berserker |
| 19:53 | Chain Lighting |
| 19:56 | Troll Berserker |
| 19:56 | Troll Berserker |
| 19:56 | Troll Berserker |
| 19:58 | Troll Berserker |
| 19:58 | Troll Berserker |
| 19:58 | Troll Berserker |
| 19:58 | Troll Berserker |
| 20:11 | Arcanite Ranged Weapons |
| Right click | 841 |
| Select | 453 |
| Build/train/purchase | 73 |
| Use ability | 12 |
| Select group | 3 |
| Assign group | 1 |
| Remove unit | 1 |


| Ivory Tower | 3 | 120 |
| Potion of Healing | 2 | 300 |
| Circlet of Nobility | 1 | 175 |
| Staff of Teleportation | 1 | 150 |
| total: | 7 | 745g |
| Peasant | 14 | 1050 | / | 0 |
| Footman | 10 | 1350 | / | 0 |
| Mortar Team | 2 | 360 | / | 140 |
| Dragonhawk Rider | 10 | 2000 | / | 300 |
| Gryphon Rider | 1 | 280 | / | 70 |
| total: | 37 | 5040g | / | 510w |
| Scout Tower | 6 | 180 | / | 120 |
| Guard Tower | 14 | 980 | / | 700 |
| Altar of Kings | 1 | 180 | / | 50 |
| Barracks | 2 | 320 | / | 120 |
| Farm | 15 | 1200 | / | 300 |
| Lumber Mill | 1 | 120 | / | 0 |
| Arcane Vault | 2 | 260 | / | 60 |
| Blacksmith | 1 | 140 | / | 60 |
| Arcane Sanctum | 1 | 150 | / | 140 |
| Workshop | 1 | 140 | / | 140 |
| Gryphon Aviary | 3 | 420 | / | 450 |
| Keep | 2 | 640 | / | 420 |
| Castle | 2 | 720 | / | 420 |
| total: | 33 | 3110g | / | 1440w |
| 0:07 | Peasant |
| 0:07 | Peasant |
| 0:07 | Peasant |
| 0:16 | Altar of Kings |
| 0:21 | Barracks |
| 0:28 | Farm |
| 0:45 | Peasant |
| 0:45 | Peasant |
| 1:00 | Farm |
| 1:09 | Peasant |
| 1:09 | Peasant |
| 1:17 | Peasant |
| 1:17 | Peasant |
| 1:29 | Footman |
| 1:29 | Footman |
| 2:00 | Footman |
| 2:04 | Footman |
| 2:04 | Footman |
| 2:36 | Lumber Mill |
| 2:46 | Farm |
| 3:06 | Summon Water Elemental |
| 3:42 | Farm |
| 3:43 | Keep |
| 3:45 | Improved Masonry |
| 3:55 | Arcane Vault |
| 5:18 | Barracks |
| 5:20 | Farm |
| 5:26 | Blacksmith |
| 5:30 | Circlet of Nobility |
| 5:32 | Staff of Teleportation |
| 5:48 | Scout Tower |
| 5:52 | Scout Tower |
| 6:14 | Brilliance Aura |
| 6:27 | Footman |
| 6:27 | Footman |
| 6:27 | Footman |
| 6:55 | Guard Tower |
| 6:56 | Guard Tower |
| 7:16 | Improved Lumber Harvesting |
| 7:20 | Defend |
| 8:13 | Scout Tower |
| 8:24 | Scout Tower |
| 8:27 | Scout Tower |
| 8:39 | Arcane Vault |
| 8:46 | Farm |
| 8:48 | Farm |
| 8:49 | Farm |
| 8:50 | Farm |
| 8:55 | Summon Water Elemental |
| 8:58 | Guard Tower |
| 9:14 | Footman |
| 9:40 | Guard Tower |
| 9:50 | Scout Tower |
| 9:57 | Ivory Tower |
| 10:13 | Arcane Sanctum |
| 10:20 | Guard Tower |
| 10:56 | Ivory Tower |
| 10:56 | Ivory Tower |
| 10:59 | Guard Tower |
| 11:05 | Farm |
| 11:17 | Guard Tower |
| 11:26 | Guard Tower |
| 11:43 | Peasant |
| 11:43 | Peasant |
| 12:00 | Advanced Masonry |
| 12:06 | Workshop |
| 12:22 | Storm Bolt |
| 12:25 | Potion of Healing |
| 12:26 | Potion of Healing |
| 12:44 | Castle |
| 12:49 | Footman |
| 13:35 | Mortar Team |
| 13:39 | Mortar Team |
| 14:37 | Magic Sentry |
| 15:41 | Peasant |
| 15:46 | Gryphon Aviary |
| 15:51 | Gryphon Aviary |
| 16:17 | Thunder Clap |
| 16:43 | Gryphon Aviary |
| 17:11 | Cloud |
| 17:12 | Dragonhawk Rider |
| 17:22 | Advanced Lumber Harvesting |
| 17:24 | Imbued Masonry |
| 17:26 | Peasant |
| 17:26 | Peasant |
| 17:29 | Farm |
| 17:30 | Farm |
| 17:31 | Farm |
| 17:58 | Dragonhawk Rider |
| 18:10 | Blizzard |
| 18:39 | Dragonhawk Rider |
| 18:42 | Dragonhawk Rider |
| 18:44 | Dragonhawk Rider |
| 19:28 | Dragonhawk Rider |
| 19:31 | Dragonhawk Rider |
| 19:35 | Farm |
| 19:36 | Farm |
| 20:02 | Storm Bolt |
| 22:48 | Dragonhawk Rider |
| 22:49 | Dragonhawk Rider |
| 22:51 | Dragonhawk Rider |
| 23:00 | Gryphon Rider |
| 23:30 | Storm Hammers |
| 23:34 | Iron Forged Swords |
| Right click | 1257 |
| Select | 422 |
| Build/train/purchase | 133 |
| Select group | 47 |
| Use ability | 27 |
| Assign group | 24 |
| Remove unit | 7 |
| Chat | 5 |
| Item give/drop | 4 |
| Misc. action | 3 |
| Minimap ping | 2 |
112 units @ 17.7k
/ 2.1k
196 buildings @ 12.2k
/ 6.4k

| Scroll of Town Portal | 2 | 700 |
| Scroll of Regeneration | 2 | 200 |
| Healing Salve | 1 | 100 |
| Orb of Lightning | 1 | 375 |
| total: | 6 | 1375g |
| Wisp | 13 | 780 | / | 0 |
| Huntress | 10 | 1950 | / | 200 |
| Glaive Thrower | 2 | 420 | / | 130 |
| Chimaera | 5 | 1650 | / | 350 |
| Archer | 2 | 260 | / | 20 |
| total: | 32 | 5060g | / | 700w |
| Altar of Elders | 1 | 180 | / | 50 |
| Moon Well | 7 | 1260 | / | 280 |
| Hunter's Hall | 1 | 210 | / | 100 |
| Ancient of War | 2 | 300 | / | 120 |
| Ancient of Wonders | 1 | 90 | / | 30 |
| Ancient of Wind | 1 | 150 | / | 140 |
| Chimaera Roost | 2 | 280 | / | 380 |
| Tree of Ages | 1 | 320 | / | 180 |
| Tree of Eternity | 1 | 330 | / | 200 |
| total: | 15 | 2470g | / | 1100w |
| 0:02 | Wisp |
| 0:02 | Wisp |
| 0:12 | Altar of Elders |
| 0:23 | Moon Well |
| 0:30 | Wisp |
| 0:33 | Wisp |
| 0:57 | Wisp |
| 1:17 | Hunter's Hall |
| 1:21 | Wisp |
| 1:21 | Wisp |
| 1:42 | Ancient of War |
| 1:44 | Wisp |
| 1:44 | Wisp |
| 1:59 | Moon Well |
| 2:28 | Ancient of War |
| 2:50 | Immolation |
| 2:58 | Huntress |
| 2:58 | Huntress |
| 3:05 | Moon Well |
| 3:19 | Moon Well |
| 3:24 | Moon Well |
| 3:42 | Huntress |
| 4:15 | Huntress |
| 4:19 | Evasion |
| 4:35 | Huntress |
| 5:20 | Tree of Ages |
| 5:23 | Moon Well |
| 5:54 | Huntress |
| 6:32 | Evasion |
| 6:48 | Huntress |
| 7:00 | Moon Well |
| 7:04 | Huntress |
| 7:14 | Huntress |
| 7:42 | Wisp |
| 7:46 | Ancient of Wonders |
| 7:51 | Moon Glaive |
| 8:17 | Scroll of Town Portal |
| 8:36 | Strength of the Moon |
| 8:37 | Moon Armor |
| 9:23 | Mana Burn |
| 9:48 | Glaive Thrower |
| 10:18 | Vorpal Blades |
| 10:21 | Improved Strength of the Moon |
| 10:23 | Scroll of Regeneration |
| 10:33 | Wisp |
| 10:48 | Tree of Eternity |
| 11:09 | Improved Moon Armor |
| 11:57 | Glaive Thrower |
| 13:11 | Chimaera Roost |
| 13:16 | Chimaera Roost |
| 13:18 | Wisp |
| 13:19 | Wisp |
| 14:43 | Chimaera |
| 14:46 | Chimaera |
| 16:07 | Huntress |
| 16:49 | Corrosive Breath |
| 16:51 | Advanced Strength of the Moon |
| 16:51 | Advanced Moon Armor |
| 16:52 | Well Spring |
| 18:03 | Evasion |
| 18:22 | Chimaera |
| 19:11 | Chimaera |
| 19:20 | Scroll of Regeneration |
| 19:31 | Scroll of Town Portal |
| 19:42 | Chimaera |
| 19:46 | Healing Salve |
| 19:59 | Strength of the Wild |
| 20:11 | Ancient of Wind |
| 26:47 | Orb of Lightning |
| 26:54 | Marksmanship |
| 26:54 | Improved Bows |
| 26:55 | Archer |
| 26:56 | Archer |
| 28:16 | Metamorphosis |
| Right click | 1260 |
| Select group | 305 |
| Select | 247 |
| Build/train/purchase | 84 |
| Use ability | 57 |
| Chat | 50 |
| Assign group | 22 |
| Minimap ping | 4 |
| Remove unit | 2 |
| Esc | 1 |


| Potion of Healing | 2 | 300 |
| Scroll of Speed | 1 | 50 |
| Scroll of Healing | 1 | 250 |
| Boots of Speed | 1 | 250 |
| total: | 5 | 850g |
| Peon | 15 | 1125 | / | 0 |
| Grunt | 11 | 2200 | / | 0 |
| Wind Rider | 18 | 4770 | / | 720 |
| Troll Batrider | 8 | 1280 | / | 320 |
| Goblin Zeppelin | 1 | 240 | / | 60 |
| total: | 53 | 9615g | / | 1100w |
| Watch Tower | 2 | 220 | / | 160 |
| Altar of Storms | 1 | 180 | / | 50 |
| Orc Burrow | 9 | 1440 | / | 360 |
| Barracks | 1 | 180 | / | 50 |
| War Mill | 1 | 205 | / | 0 |
| Voodoo Lounge | 1 | 130 | / | 30 |
| Great Hall | 1 | 385 | / | 185 |
| Beastiary | 2 | 290 | / | 280 |
| Tauren Totem | 1 | 135 | / | 155 |
| Spirit Lodge | 1 | 150 | / | 150 |
| Stronghold | 1 | 315 | / | 190 |
| Fortress | 1 | 325 | / | 190 |
| total: | 20 | 3315g | / | 1420w |
| 0:03 | Peon |
| 0:03 | Peon |
| 0:08 | Altar of Storms |
| 0:13 | Orc Burrow |
| 0:16 | Peon |
| 0:38 | Barracks |
| 0:46 | Peon |
| 0:54 | Peon |
| 1:19 | Peon |
| 1:24 | Peon |
| 1:49 | Grunt |
| 2:02 | Orc Burrow |
| 2:06 | Orc Burrow |
| 2:32 | Wind Walk |
| 2:58 | Grunt |
| 3:01 | Stronghold |
| 3:31 | Grunt |
| 4:06 | Critical Strike |
| 4:17 | Grunt |
| 4:28 | War Mill |
| 4:54 | Grunt |
| 4:58 | Grunt |
| 5:29 | Fortress |
| 6:26 | Grunt |
| 6:26 | Berserker Strength |
| 6:27 | Grunt |
| 6:33 | Steel Armor |
| 6:50 | Steel Melee Weapons |
| 7:25 | Goblin Zeppelin |
| 7:54 | Pillage |
| 7:55 | Thorium Armor |
| 7:58 | Grunt |
| 9:26 | Thorium Melee Weapons |
| 9:27 | Steel Ranged Weapons |
| 10:07 | Wind Walk |
| 10:22 | Beastiary |
| 10:26 | Beastiary |
| 10:42 | Berserker Upgrade |
| 10:48 | Grunt |
| 10:50 | Grunt |
| 11:11 | Chain Lighting |
| 11:45 | Envenomed Spears |
| 11:45 | Wind Rider |
| 11:46 | Wind Rider |
| 12:02 | Orc Burrow |
| 12:03 | Orc Burrow |
| 13:04 | Wind Rider |
| 13:05 | Wind Rider |
| 13:10 | Wind Rider |
| 13:11 | Wind Rider |
| 13:12 | Wind Rider |
| 13:22 | Wind Rider |
| 13:22 | Wind Rider |
| 14:45 | Watch Tower |
| 14:46 | Watch Tower |
| 15:41 | Thorium Ranged Weapons |
| 15:43 | Wind Rider |
| 15:45 | Wind Rider |
| 16:26 | Voodoo Lounge |
| 16:49 | Orc Burrow |
| 16:54 | Orc Burrow |
| 17:00 | Orc Burrow |
| 17:01 | Orc Burrow |
| 17:16 | Wind Rider |
| 18:35 | Great Hall |
| 19:40 | Feral Spirit |
| 19:58 | Wind Rider |
| 19:58 | Wind Rider |
| 19:59 | Wind Rider |
| 20:00 | Wind Rider |
| 20:01 | Arcanite Ranged Weapons |
| 20:02 | Spiked Barricades |
| 20:03 | Arcanite Melee Weapons |
| 20:29 | Wind Rider |
| 20:35 | Wind Rider |
| 20:51 | Critical Strike |
| 21:09 | Peon |
| 21:10 | Peon |
| 21:10 | Peon |
| 21:43 | Peon |
| 21:44 | Peon |
| 22:15 | Peon |
| 22:17 | Peon |
| 22:44 | Potion of Healing |
| 22:46 | Scroll of Speed |
| 23:00 | Potion of Healing |
| 24:33 | Tauren Totem |
| 24:47 | Spirit Lodge |
| 25:13 | Boots of Speed |
| 25:18 | Scroll of Healing |
| 25:36 | Troll Batrider |
| 25:38 | Troll Batrider |
| 25:39 | Troll Batrider |
| 25:41 | Troll Batrider |
| 25:47 | Troll Batrider |
| 26:01 | Peon |
| 26:15 | Troll Batrider |
| 26:38 | Troll Batrider |
| 26:42 | Troll Batrider |
| 28:16 | Critical Strike |
| Right click | 1252 |
| Select | 291 |
| Select group | 149 |
| Build/train/purchase | 121 |
| Assign group | 34 |
| Misc. action | 19 |
| Use ability | 11 |
| Remove unit | 4 |
ChuckleMan
(103)
(28:26) : 


| Staff of Sanctuary | 2 | 500 |
| Orb of Fire | 1 | 325 |
| Boots of Speed | 3 | 750 |
| Staff of Teleportation | 3 | 450 |
| Orb of Venom | 1 | 325 |
| Orb of Lightning | 1 | 375 |
| total: | 11 | 2725g |
| Peasant | 22 | 1650 | / | 0 |
| Sorceress | 1 | 155 | / | 20 |
| Priest | 1 | 135 | / | 10 |
| Goblin Shredder | 3 | 1125 | / | 300 |
| total: | 27 | 3065g | / | 330w |
| Scout Tower | 147 | 4410 | / | 2940 |
| Arcane Tower | 4 | 280 | / | 200 |
| Guard Tower | 64 | 4480 | / | 3200 |
| Altar of Kings | 2 | 360 | / | 100 |
| Farm | 5 | 400 | / | 100 |
| Lumber Mill | 1 | 120 | / | 0 |
| Town Hall | 1 | 385 | / | 205 |
| Arcane Vault | 1 | 130 | / | 30 |
| Blacksmith | 1 | 140 | / | 60 |
| Arcane Sanctum | 1 | 150 | / | 140 |
| Workshop | 2 | 280 | / | 280 |
| Keep | 1 | 320 | / | 210 |
| Castle | 2 | 720 | / | 420 |
| total: | 161 | 6375g | / | 3855w |
| 0:21 | Peasant |
| 0:21 | Peasant |
| 0:25 | Altar of Kings |
| 0:26 | Altar of Kings |
| 0:29 | Farm |
| 0:38 | Peasant |
| 0:56 | Peasant |
| 1:02 | Farm |
| 1:09 | Peasant |
| 1:13 | Lumber Mill |
| 1:18 | Peasant |
| 1:34 | Peasant |
| 1:53 | Scout Tower |
| 1:55 | Peasant |
| 2:09 | Peasant |
| 2:10 | Farm |
| 2:17 | Peasant |
| 2:19 | Arcane Tower |
| 2:22 | Scout Tower |
| 2:28 | Blizzard |
| 2:33 | Peasant |
| 2:47 | Scout Tower |
| 2:49 | Guard Tower |
| 2:58 | Scout Tower |
| 3:04 | Peasant |
| 3:05 | Peasant |
| 3:15 | Guard Tower |
| 3:18 | Scout Tower |
| 3:26 | Scout Tower |
| 3:27 | Guard Tower |
| 3:31 | Improved Masonry |
| 3:31 | Advanced Masonry |
| 3:31 | Peasant |
| 3:32 | Peasant |
| 3:53 | Scout Tower |
| 3:54 | Guard Tower |
| 3:59 | Scout Tower |
| 4:24 | Guard Tower |
| 4:31 | Town Hall |
| 4:33 | Guard Tower |
| 4:39 | Scout Tower |
| 4:49 | Scout Tower |
| 4:49 | Scout Tower |
| 5:02 | Boots of Speed |
| 5:03 | Staff of Teleportation |
| 5:25 | Guard Tower |
| 5:47 | Goblin Shredder |
| 5:47 | Goblin Shredder |
| 6:00 | Scout Tower |
| 6:01 | Scout Tower |
| 6:02 | Scout Tower |
| 6:13 | Brilliance Aura |
| 6:20 | Peasant |
| 6:21 | Peasant |
| 6:21 | Peasant |
| 6:21 | Peasant |
| 6:49 | Keep |
| 6:52 | Guard Tower |
| 7:00 | Scout Tower |
| 7:03 | Scout Tower |
| 7:04 | Scout Tower |
| 7:16 | Farm |
| 7:20 | Guard Tower |
| 7:25 | Guard Tower |
| 7:29 | Peasant |
| 7:29 | Peasant |
| 7:39 | Guard Tower |
| 7:44 | Arcane Vault |
| 7:46 | Guard Tower |
| 7:50 | Scout Tower |
| 7:55 | Scout Tower |
| 7:58 | Scout Tower |
| 8:13 | Scout Tower |
| 8:14 | Scout Tower |
| 8:15 | Scout Tower |
| 8:23 | Guard Tower |
| 8:44 | Guard Tower |
| 8:46 | Scout Tower |
| 8:46 | Scout Tower |
| 8:47 | Scout Tower |
| 8:48 | Scout Tower |
| 8:48 | Scout Tower |
| 8:49 | Scout Tower |
| 8:49 | Scout Tower |
| 8:50 | Scout Tower |
| 8:51 | Scout Tower |
| 8:51 | Scout Tower |
| 8:52 | Scout Tower |
| 8:53 | Scout Tower |
| 8:53 | Scout Tower |
| 8:54 | Scout Tower |
| 8:54 | Scout Tower |
| 8:56 | Scout Tower |
| 8:56 | Scout Tower |
| 9:06 | Blacksmith |
| 9:20 | Castle |
| 9:33 | Scout Tower |
| 9:33 | Scout Tower |
| 9:34 | Scout Tower |
| 9:41 | Peasant |
| 9:58 | Imbued Masonry |
| 9:58 | Improved Lumber Harvesting |
| 10:04 | Arcane Sanctum |
| 10:13 | Scout Tower |
| 10:20 | Rain of Fire |
| 10:24 | Guard Tower |
| 10:34 | Boots of Speed |
| 10:35 | Staff of Teleportation |
| 10:42 | Scout Tower |
| 10:47 | Arcane Tower |
| 10:51 | Workshop |
| 10:56 | Workshop |
| 11:00 | Scout Tower |
| 11:01 | Scout Tower |
| 11:02 | Scout Tower |
| 11:03 | Scout Tower |
| 11:09 | Scout Tower |
| 11:10 | Scout Tower |
| 11:12 | Scout Tower |
| 11:14 | Scout Tower |
| 11:15 | Scout Tower |
| 11:24 | Guard Tower |
| 11:25 | Scout Tower |
| 11:38 | Guard Tower |
| 11:40 | Guard Tower |
| 11:56 | Scout Tower |
| 11:57 | Scout Tower |
| 11:58 | Scout Tower |
| 11:59 | Scout Tower |
| 11:59 | Scout Tower |
| 12:00 | Scout Tower |
| 12:01 | Scout Tower |
| 12:02 | Scout Tower |
| 12:17 | Guard Tower |
| 12:20 | Guard Tower |
| 12:22 | Magic Sentry |
| 12:23 | Sorceress Adept Training |
| 12:23 | Priest Adept Training |
| 12:23 | Sorceress |
| 12:24 | Priest |
| 12:36 | Goblin Shredder |
| 13:00 | Guard Tower |
| 13:10 | Flame Strike |
| 13:13 | Scout Tower |
| 13:14 | Scout Tower |
| 13:15 | Scout Tower |
| 13:16 | Scout Tower |
| 13:17 | Guard Tower |
| 13:41 | Boots of Speed |
| 13:41 | Staff of Teleportation |
| 13:51 | Blizzard |
| 14:07 | Guard Tower |
| 14:09 | Scout Tower |
| 14:09 | Scout Tower |
| 14:10 | Scout Tower |
| 14:10 | Scout Tower |
| 14:44 | Guard Tower |
| 14:47 | Scout Tower |
| 14:48 | Scout Tower |
| 14:49 | Scout Tower |
| 14:52 | Scout Tower |
| 14:53 | Scout Tower |
| 14:54 | Scout Tower |
| 14:55 | Scout Tower |
| 14:56 | Scout Tower |
| 14:56 | Scout Tower |
| 15:00 | Guard Tower |
| 15:04 | Scout Tower |
| 15:06 | Scout Tower |
| 15:07 | Scout Tower |
| 15:17 | Farm |
| 15:19 | Fragmentation Shards |
| 15:19 | Flare |
| 15:55 | Guard Tower |
| 16:00 | Scout Tower |
| 16:01 | Scout Tower |
| 16:01 | Scout Tower |
| 16:02 | Scout Tower |
| 16:03 | Scout Tower |
| 16:03 | Scout Tower |
| 16:04 | Scout Tower |
| 16:04 | Scout Tower |
| 16:06 | Scout Tower |
| 16:07 | Scout Tower |
| 16:07 | Scout Tower |
| 16:09 | Scout Tower |
| 16:10 | Scout Tower |
| 16:10 | Scout Tower |
| 16:10 | Scout Tower |
| 16:27 | Staff of Sanctuary |
| 16:29 | Orb of Fire |
| 16:33 | Guard Tower |
| 16:45 | Scout Tower |
| 17:02 | Scout Tower |
| 17:03 | Scout Tower |
| 17:07 | Guard Tower |
| 17:12 | Scout Tower |
| 17:13 | Scout Tower |
| 17:15 | Scout Tower |
| 17:16 | Scout Tower |
| 17:17 | Scout Tower |
| 17:17 | Scout Tower |
| 17:40 | Orb of Venom |
| 17:47 | Guard Tower |
| 17:59 | Cleaving Attack |
| 18:27 | Guard Tower |
| 18:45 | Scout Tower |
| 18:45 | Scout Tower |
| 18:46 | Scout Tower |
| 18:47 | Scout Tower |
| 18:47 | Scout Tower |
| 18:48 | Scout Tower |
| 18:48 | Scout Tower |
| 18:49 | Scout Tower |
| 19:26 | Guard Tower |
| 19:34 | Siphon Mana |
| 19:52 | Guard Tower |
| 19:56 | Scout Tower |
| 19:57 | Scout Tower |
| 19:58 | Scout Tower |
| 19:58 | Scout Tower |
| 19:59 | Scout Tower |
| 20:00 | Scout Tower |
| 20:01 | Scout Tower |
| 20:01 | Scout Tower |
| 20:02 | Scout Tower |
| 20:05 | Scout Tower |
| 20:06 | Scout Tower |
| 20:06 | Scout Tower |
| 20:07 | Scout Tower |
| 20:09 | Scout Tower |
| 20:09 | Scout Tower |
| 20:13 | Scout Tower |
| 20:14 | Scout Tower |
| 20:14 | Scout Tower |
| 20:36 | Guard Tower |
| 21:05 | Guard Tower |
| 21:37 | Guard Tower |
| 21:48 | Staff of Sanctuary |
| 22:31 | Orb of Lightning |
| 23:18 | Scout Tower |
| 23:18 | Scout Tower |
| 23:19 | Scout Tower |
| 23:20 | Scout Tower |
| 23:21 | Scout Tower |
| 23:22 | Scout Tower |
| 23:22 | Scout Tower |
| 23:22 | Scout Tower |
| 23:26 | Scout Tower |
| 23:27 | Scout Tower |
| 23:28 | Scout Tower |
| 23:29 | Scout Tower |
| 23:29 | Scout Tower |
| 23:30 | Scout Tower |
| 24:32 | Rain of Fire |
| 25:21 | Arcane Tower |
| 25:24 | Arcane Tower |
| 28:08 | Brilliance Aura |
| 28:17 | Flame Strike |
| Right click | 852 |
| Select group | 346 |
| Select | 305 |
| Chat | 207 |
| Build/train/purchase | 167 |
| Use ability | 96 |
| Misc. action | 57 |
| Assign group | 27 |
| Resource trade | 11 |
| Minimap ping | 4 |
| Item give/drop | 3 |
| Esc | 3 |
⇛